[Event "GER-ch Youth-U18 2022"]
[Site "Willingen"]
[Date "2022.06.11"]
[Round "9.1"]
[White "Fromm, Marius"]
[Black "Musiolik, David"]
[Result "1-0"]
[ECO "C15"]
[WhiteElo "2317"]
[BlackElo "2220"]
[Annotator "TA"]
[PlyCount "126"]
[EventDate "2022.06.05"]
[EventType "swiss"]
[EventRounds "9"]
[EventCountry "GER"]
[SourceTitle "playchess.com"]
[Source "ChessBase"]
[SourceQuality "1"]
[TimeControl "40/4500+30:900+30"]

1. e4 e6 2. d4 d5 3. Nc3 Bb4 4. exd5 exd5 5. Bd3 Nc6 6. Nf3 Nge7 {[%emt 0:00:00] C01: French: Exchange Variation.} 7. O-O O-O 8. h3 Bf5 {[%emt 0:07:53] The position is equal.} 9. Ne2 Bd6 10. c3 Qd7 11. Bf4 {[%emt 0:00:00] [#]} a6 $146 ({Predecessor:} 11... Bxd3 12. Qxd3 Ng6 13. Bxd6 Qxd6 14. Rfe1 Rfe8 15. Ng3 Nf4 16. Qf5 g6 17. Qg5 Ne6 {0-1 (63) Griffith,K (2341)-Hambleton,A (2454) Chess.com INT 2022}) 12. Bxd6 Qxd6 13. Ng3 Bxd3 14. Qxd3 Rae8 15. Rfe1 Ng6 16. Nf5 Qf6 17. g3 {[%emt 0:00:00] Inhibits Nf4.} Re6 18. Kg2 Rfe8 19. Ne3 Nge7 20. h4 Qg6 21. Qxg6 hxg6 22. Ng5 Rd6 23. Re2 f6 24. Nh3 Kf7 25. Rae1 (25. Kf3 {is interesting.} Nd8 26. Ng2 Ne6 27. Ngf4) 25... Nd8 $1 26. Nf4 {[%emt 0:00:43][%cal Oe3d5] Threatens to win with Nexd5!} (26. Kf3 {is more complex.} Ne6 27. g4 c6 28. Ng2) 26... Ne6 27. Nd3 b6 28. b4 Rc6 29. Nd1 Nf5 30. a4 Nd6 {[%emt 0:01:46] Inhibits b5.} 31. f3 g5 (31... Nb7 $14) 32. hxg5 $16 Nxg5 33. Nf4 ({Don't take} 33. Rxe8 Nxe8 34. g4 Ne6 $14) 33... Rxe2+ 34. Rxe2 a5 35. bxa5 bxa5 36. Nxd5 {[%emt 0:00:04] Re7+ is the strong threat.} Ne6 37. Nb2 ({Better is} 37. f4) 37... Nc4 38. Kf2 Nxb2 39. Rxb2 {[%emt 0:00:02][%mdl 4096] Endgame KRN-KRN} Rc4 40. Rb7 Kf8 41. Ke2 ({White should try} 41. Rb8+ Kf7 42. Rb7) 41... c6 42. Nc7 {[%emt 0:00:00] White is more active.} Nd8 43. Kd3 Rxa4 44. Ra7 Ra1 45. Kc4 a4 46. Kc5 {[%emt 0:00:00] aiming for Kd6.} Ke7 ({Black should play} 46... Ra3) 47. c4 (47. f4 $142) 47... a3 {[%emt 0:02:33] [#]} 48. f4 (48. Nb5+ $142 $1 Ke8 49. Rxa3 Rxa3 50. Nxa3) 48... a2 {[%emt 0:02:39] [#]} 49. f5 (49. d5 $1 $16 cxd5 50. Nxd5+ Ke8 51. Nc3) 49... Rf1 $2 {[%emt 0:03:17][%mdl 8192] Black cannot hold the game after this.} (49... Rb1 $11 50. Ne6+ (50. Rxa2 Kd7 $11) 50... Nb7+ 51. Kxc6 a1=Q 52. Rxa1 Rxa1 53. Kxb7 Rc1) 50. Ne6+ $1 $18 Ke8 51. Rxa2 {[%emt 0:00:00] Black must now prevent Nxd8.} Rxf5+ 52. Kd6 Nf7+ 53. Kxc6 Ke7 54. Ra7+ {[%emt 0:00:00] White mates.} Kxe6 {[%emt 0:00:06] KRN-KR} 55. d5+ {[%emt 0:00:00][%cal Bd4d5,Bd5d6,Bd6d7][%mdl 96] Deflection} Ke5 56. Rxf7 {[%emt 0:00:00] KR-KR} Kd4 57. d6 Kxc4 58. d7 Rc5+ 59. Kd6 Rd5+ 60. Ke7 Re5+ 61. Kf8 Rd5 62. Ke8 Re5+ 63. Re7 Kd5 {Weighted Error Value: White=0.11 (very precise) /Black=0.25 (precise)} 1-0

[Event "GER-ch Youth-U18 2022"]
[Site "Willingen"]
[Date "2022.06.11"]
[Round "9.2"]
[White "Colbow, Collin"]
[Black "Dahl, Christoph"]
[Result "1-0"]
[ECO "B94"]
[WhiteElo "2360"]
[BlackElo "2368"]
[Annotator "TA"]
[PlyCount "74"]
[EventDate "2022.06.05"]
[EventType "swiss"]
[EventRounds "9"]
[EventCountry "GER"]
[SourceTitle "playchess.com"]
[Source "ChessBase"]
[SourceQuality "1"]
[TimeControl "40/4500+30:900+30"]

1. e4 c5 2. Nf3 d6 3. d4 cxd4 4. Nxd4 Nf6 5. Nc3 a6 6. Bg5 Nbd7 7. g3 {[%emt 0:00:00] 7.Qe2 is setting a new trend. B94: Sicilian Najdorf: 6 Bg5 Nbd7.} e6 8. Qe2 Qc7 9. Bg2 {[%emt 0:00:00] White is slightly better.} h6 {[%emt 0:00:00] [#]} 10. Bxf6 $146 ({Predecessor:} 10. Bd2 g6 11. O-O-O Bg7 12. Be3 Rb8 13. Bh3 Nb6 14. Ndb5 axb5 15. Nxb5 Qc6 16. Rxd6 {½-½ (30) Schroeder,M (2469)-Zuev,D (2480) ICCF email 2015}) 10... Nxf6 11. O-O-O Be7 12. f4 O-O 13. Kb1 {[%emt 0:04:41] White is more active.} Bd7 (13... Rb8 $11) 14. h4 e5 (14... h5 $14) 15. Nf5 $18 Bxf5 16. exf5 exf4 (16... h5 $142 17. fxe5 dxe5) 17. g4 $1 (17. gxf4 Rfe8 $14) 17... Rfe8 18. g5 Bf8 19. Qf3 Nd7 20. gxh6 (20. Qxb7 Qxb7 21. Bxb7 Rab8 $16) 20... gxh6 (20... Re3 {is a better defense.} 21. Qxf4 Rxc3) 21. Rhg1 (21. Qxf4 Nf6 22. Rhg1 (22. Nd5 Qd8 $18) 22... Kh7 $18) (21. Qxb7 Qxb7 22. Bxb7 Rab8 $16) 21... Bg7 (21... Kh8 $142 22. Qxf4 (22. Qxb7 Qxb7 23. Bxb7 Rab8 $16) 22... Nf6) 22. Bh1 {[%emt 0:03:59] Intending Qg4 and mate.} Kh7 23. Nd5 Qd8 {[%emt 0:01:53] [#]} 24. Rxg7+ $1 Kxg7 25. Qg4+ ({Weaker is} 25. Qxf4 Nf6 $11) 25... Kh8 26. Qh5 Kh7 27. Qxf7+ Kh8 28. f6 $2 (28. Nxf4 Rg8 29. Ng6+ Rxg6 30. fxg6) 28... Rg8 29. Be4 ({And not} 29. Nxf4 Qxf6 30. Qxf6+ Nxf6 31. Bxb7 Ra7 $15) 29... Nxf6 30. Nxf6 $40 {[%emt 0:00:21][%csl Ge4,Gf6][%cal Rf7h7][%mdl 128] White goes for the king.} Rg7 {[%emt 0:00:05] Prevents Qh7+.} 31. Qe6 {[%emt 0:00:14] Chess con chili.} Qe7 {[%emt 0:00:43] [#]} 32. Qxe7 Rxe7 {[%emt 0:00:04] [#]} 33. Rxd6 $2 (33. Bf3 $1 $18) 33... Rf8 $11 {[%emt 0:01:21][%cal Of8f6] Hoping for ...Rxf6!} 34. Kc1 {[%emt 0:00:07] Threatens to win with Bf3.} ({Wrong is} 34. Rd7 $2 Rxd7 35. Nxd7 Re8 $19) 34... f3 $2 (34... Rxf6 $1 $11 {and Black stays safe.} 35. Rxf6 Rxe4) 35. Bxf3 $18 Ref7 36. Nd7 Rd8 (36... Rxf3 37. Nxf8 Rf1+ 38. Kd2 Rf2+ 39. Kd3 Rf3+ 40. Ke4 Rxf8 41. Rxh6+ Kg7) 37. Ne5 Rdf8 {Weighted Error Value: White=0.52/Black=0.62} 1-0

[Event "GER-ch Youth-U18 2022"]
[Site "Willingen"]
[Date "2022.06.11"]
[Round "9.3"]
[White "Koelle, Tobias"]
[Black "Pubantz, Jan"]
[Result "1/2-1/2"]
[ECO "D44"]
[WhiteElo "2431"]
[BlackElo "2265"]
[Annotator "TA"]
[PlyCount "128"]
[EventDate "2022.06.05"]
[EventType "swiss"]
[EventRounds "9"]
[EventCountry "GER"]
[SourceTitle "playchess.com"]
[Source "ChessBase"]
[SourceQuality "1"]
[TimeControl "40/4500+30:900+30"]

1. d4 d5 2. c4 c6 3. Nf3 Nf6 4. Nc3 e6 5. Bg5 dxc4 6. a4 Bb4 {[%emt 0:00:00] 6...b5 deserves study.} 7. e4 Qa5 {[%emt 0:00:00] Threatens to win with ...Nxe4.} 8. Bd2 {[%emt 0:00:00] D44: Semi-Slav: Botvinnik System.} c5 9. Bxc4 cxd4 10. Nxd4 O-O 11. Nb3 {[%emt 0:03:20] Prevents Qc5.} Qc7 12. Qe2 Nc6 13. O-O Ne5 14. Nb5 Qe7 {[%emt 0:02:37] [#]} 15. Bg5 $146 ({Predecessor:} 15. Rfc1 a6 16. N5d4 Bd7 17. Nf3 Nxf3+ 18. Qxf3 Bxd2 19. Nxd2 Bc6 20. Qe2 Qb4 21. b3 Rfd8 22. Ra2 Rd4 23. f3 Rad8 24. Nf1 Be8 25. Qe3 e5 26. Qc3 Qxc3 {½-½ (26) Ikonnikov,V (2542)-Mihok,O (2498) Germany 2016}) 15... Bd7 16. Bd3 Nxd3 17. Qxd3 Bc6 18. Qe3 h6 19. Bxf6 Qxf6 20. Nxa7 Qxb2 21. Nxc6 bxc6 22. a5 Rfc8 23. Rfc1 Qe5 24. a6 {[%emt 0:02:07] The position is equal.} Qb5 25. Nd4 $1 Qb6 {[%emt 0:02:20] [#] ...Bc5 is the strong threat.} 26. Nc2 Qxe3 27. Nxe3 c5 28. Ra4 ({Don't play} 28. a7 Rc7 $17) 28... Bd2 29. Rc2 Bxe3 30. fxe3 $11 {[%emt 0:00:04][%mdl 4096] Endgame KRR-KRR} Ra7 31. Kf2 Rc6 32. Kf3 Kf8 33. Ra5 c4 34. Ra4 c3 35. Ra3 Raxa6 36. Rxa6 Rxa6 37. Rxc3 {[%emt 0:00:02] KR-KR} g6 38. Rc7 Ra5 39. h3 Kg7 40. Rb7 Kf6 41. Rc7 Ra1 42. Kf2 Ra5 43. Kf3 h5 44. h4 Ra1 45. Kf2 Rh1 46. g3 Ra1 47. Rb7 Ra5 48. Kf3 Ra3 49. Rc7 Ra4 50. Rb7 (50. e5+ $5 Kxe5 51. Rxf7 $11) 50... Kg7 51. Rc7 Ra1 52. Rb7 Kh6 53. Kf2 Kg7 54. Kf3 Ra5 55. Rc7 $1 g5 56. hxg5 Rxg5 57. Ra7 $1 Rg6 58. Rb7 (58. Ra5 $5 ) 58... Rf6+ 59. Kg2 Kg6 60. Rb5 Kh6 61. Ra5 $1 Rg6 {[%emt 0:00:54] [#] White must now prevent ...h4.} 62. Kf3 Rg5 63. Ra8 (63. Ra7 $5 ) 63... Kg7 64. Ra1 Kf6 {[%emt 0:00:49] Weighted Error Value: White=0.03 (flawless) /Black=0.03 (flawless)} 1/2-1/2

[Event "GER-ch Youth-U18 2022"]
[Site "Willingen"]
[Date "2022.06.11"]
[Round "9.4"]
[White "Weishaeutel, Moritz"]
[Black "Dobrikov, Marco"]
[Result "1-0"]
[ECO "B62"]
[WhiteElo "2406"]
[BlackElo "2234"]
[Annotator "TA"]
[PlyCount "49"]
[EventDate "2022.06.05"]
[EventType "swiss"]
[EventRounds "9"]
[EventCountry "GER"]
[SourceTitle "playchess.com"]
[Source "ChessBase"]
[SourceQuality "1"]
[TimeControl "40/4500+30:900+30"]

1. e4 c5 2. Nf3 d6 3. d4 cxd4 4. Nxd4 Nf6 5. Nc3 Nc6 6. Bg5 e6 7. Qd3 a6 8. Nxc6 $1 {[%emt 0:00:00][%mdl 4] is more profitable than 8.0-0-0 at the moment. B62: Sicilian: Richter-Rauzer: 6...e6: Unusual White 7th moves.} bxc6 9. O-O-O {[%emt 0:00:00][%cal Oe4e5] And now e5! would win.} Be7 10. Qg3 {[%emt 0:00:00] Black must now prevent e5. White is slightly better.} Qc7 11. Bxf6 gxf6 12. Qg7 Rf8 {[%emt 0:00:00] [#]} 13. Bc4 $146 ({Predecessor:} 13. Qxh7 Rb8 14. Rd3 d5 15. exd5 Qf4+ 16. Rd2 f5 17. Nd1 Bg5 18. Ne3 Qe5 19. dxe6 Bxe6 {½-½ (43) Padevsky,N-Ghitescu,T Reggio Emilia 1961}) 13... Rb8 ({Much less strong is} 13... d5 14. exd5 f5 15. d6 Bxd6 16. Rhe1 $16 (16. Qxh7 Bb7 $14)) 14. Bb3 Bd7 (14... c5 $11) 15. Rhe1 $14 {[%emt 0:11:58] White is much more active.} ({Much worse is} 15. Qxh7 c5 $11) 15... c5 {[%emt 0:18:33] [#]} (15... a5 $16) 16. Nd5 $1 $18 exd5 (16... Qd8 17. Re3) 17. exd5 {[%emt 0:00:05][%cal Oe1e7] aiming for Rxe7+!} c4 $2 {[%emt 0:02:11] [#]} (17... Qa5) 18. Rxe7+ $1 {[%emt 0:03:22][%mdl 576] Clearance} Kxe7 19. Re1+ Be6 20. Rxe6+ Kd7 21. Ba4+ Kc8 22. Qxf8+ Kb7 23. Re8 Rxe8 24. Qxe8 Qa5 25. Bc6+ {[%emt 0:00:20] Weighted Error Value: White=0.04 (flawless) /Black=1.01} 1-0

[Event "GER-ch Youth-U18 2022"]
[Site "Willingen"]
[Date "2022.06.11"]
[Round "9.5"]
[White "Jeschke, Jan"]
[Black "Zackrisson, Peter"]
[Result "1/2-1/2"]
[ECO "B21"]
[WhiteElo "2130"]
[BlackElo "2015"]
[Annotator "TA"]
[PlyCount "45"]
[EventDate "2022.06.05"]
[EventType "swiss"]
[EventRounds "9"]
[EventCountry "GER"]
[SourceTitle "playchess.com"]
[Source "ChessBase"]
[SourceQuality "1"]
[TimeControl "40/4500+30:900+30"]

1. e4 c5 2. d4 cxd4 3. c3 dxc3 4. Nxc3 Nc6 5. Nf3 e6 6. Bc4 Bb4 7. O-O Nge7 $1 {[%emt 0:00:00] 7...Nge7 is better than 7...Bxc3.} 8. Nb5 {[%emt 0:02:27] B21: Sicilian: 2 f4 and Morra Gambit.} d5 9. exd5 exd5 10. Bxd5 Nxd5 11. Qxd5 O-O 12. Rd1 {[%emt 0:10:16] [#]} Bg4 $146 ({Predecessor:} 12... Qxd5 13. Rxd5 Be6 14. Rd1 Rfd8 15. Be3 Rxd1+ 16. Rxd1 Bxa2 17. Rd7 a6 18. Nbd4 Nxd4 19. Bxd4 b5 20. h3 Be6 21. Rd6 Bxd6 {0-1 (21) Giovannini,E-Senzacqua,F (2141) ICCF email 2012}) 13. Be3 Qxd5 14. Rxd5 Bxf3 {[%emt 0:00:42] The position is equal.} 15. gxf3 a6 16. Nd4 Rac8 17. Nxc6 Rxc6 18. a3 Bd6 19. Rad1 Bc7 20. a4 Bb6 21. R1d3 Bxe3 22. Rxe3 Rc7 23. Red3 {[%emt 0:02:50] Weighted Error Value: White=0.04 (flawless) /Black=0.05 (flawless)} 1/2-1/2

[Event "GER-ch Youth-U18 2022"]
[Site "Willingen"]
[Date "2022.06.11"]
[Round "9.6"]
[White "Leonard, Timo"]
[Black "von Mettenheim, Johannes"]
[Result "1-0"]
[ECO "E20"]
[WhiteElo "2018"]
[BlackElo "2176"]
[Annotator "TA"]
[PlyCount "117"]
[EventDate "2022.06.05"]
[EventType "swiss"]
[EventRounds "9"]
[EventCountry "GER"]
[SourceTitle "playchess.com"]
[Source "ChessBase"]
[SourceQuality "1"]
[TimeControl "40/4500+30:900+30"]

1. d4 Nf6 2. c4 e6 3. Nc3 Bb4 4. Bd2 O-O 5. Nf3 d5 6. e3 Nbd7 7. Rc1 {[%emt 0:00:00] is now debated instead of 7.Bd3. E51: Nimzo-Indian: Rubinstein: 4...0-0 5 Nf3 d5.} a6 8. c5 c6 9. Bd3 {[%emt 0:08:26] [#] White is slightly better.} (9. Qa4 $5 a5 10. a3 Bxc3 11. Bxc3 $11) 9... Qe7 $146 (9... e5 $11 {feels stronger.} 10. dxe5 (10. Nxe5 Nxe5 11. dxe5 Ng4 $11) 10... Ng4) ({Predecessor:} 9... Re8 10. a3 Ba5 11. b4 Bc7 12. O-O e5 13. dxe5 Nxe5 14. Nxe5 Bxe5 15. f4 Bxc3 16. Bxc3 Rxe3 {1-0 (45) Goltseva,E (2292)-Pourkashiyan,A (2322) Chess.com INT 2021}) 10. a3 $14 Ba5 11. b4 (11. O-O $14) 11... Bc7 $11 12. O-O e5 13. dxe5 Ng4 14. Bb1 Ndxe5 15. Nxe5 Nxe5 16. Ne2 (16. e4 $11 d4 17. Na4) 16... Qh4 {[%emt 0:12:47][%cal Oe5f3] ( -> ...Nf3+!)} 17. f4 Nc4 ({Much weaker is} 17... Ng4 18. h3 Nf6 19. Bc3 $14) 18. Rxc4 dxc4 19. Nd4 Be6 (19... Bd7 $17) 20. Qc2 (20. Nxe6 $11 {is superior.} fxe6 21. Qe2) 20... Rad8 (20... Rfe8 $15) 21. Bc3 (21. Nxe6 $11 {keeps the balance.} fxe6 22. Be1) 21... Rfe8 $17 22. Rf3 Bg4 23. Rg3 g6 24. Nf3 $2 (24. Qf2 $15 Qh5 25. Bc2) 24... Qh5 25. h3 (25. Qc1 $17) 25... Bxf3 $19 26. Rxf3 Qd5 $2 (26... Rd3 $19 27. Bd4 Re4) 27. Bd4 $15 Rd7 (27... Qe6 $5 28. f5 gxf5 29. Rxf5 Rxd4 $1 30. exd4 Kf8 $11) 28. Ba2 Qe4 29. Qxc4 Bd8 30. Qc3 Be7 31. f5 Bg5 32. fxg6 {[%emt 0:01:27] The board is on fire.} hxg6 33. Qb3 ({Better is} 33. Bb3 $11) 33... Ree7 34. Qc3 Kh7 (34... Rxd4 $5 35. exd4 Be3+ 36. Kh1 Bxd4 $15) 35. Kh2 $2 {[%emt 0:00:25] [#]} (35. h4 $11 {and White is okay.} Bh6 36. h5) 35... Bh6 $2 (35... Bxe3 $1 $19 36. Qxe3 (36. Bxe3 $2 Rd3 $19) 36... Qxd4 37. Qxd4 Rxd4 38. Bxf7 a5 39. bxa5 Ra4) 36. Kh1 (36. Bb3 $11) 36... f5 $1 $17 37. Qb3 (37. Bc4 $17) 37... Re8 $1 $19 38. Bb1 Qd5 39. Qc2 (39. Qb2 $17 {is tougher.}) 39... Bg7 $1 40. Rf4 Bxd4 41. Rxd4 Qf7 {[%emt 0:00:00][%mdl 8192] [#]} (41... Qe6 $19 {and all is fine. White must now prevent ...Rxd4.} 42. Rxd7+ Qxd7) 42. Rh4+ $18 {[%emt 0:00:00][%mdl 1024] White has strong compensation.} Kg7 $2 (42... Kg8) 43. Qc3+ Kf8 44. Rh8+ Ke7 {[%emt 0:00:08] [#]} 45. Ba2 $1 Rd5 {[%emt 0:01:47] Prevents Qe5+.} (45... Rd1+ 46. Kh2) 46. Bxd5 cxd5 {[%emt 0:02:02][%mdl 4096] Endgame KQR-KQR} 47. Qe5+ Kd7 48. Rxe8 Qxe8 49. Qxd5+ {[%emt 0:00:55] KQ-KQ} Kc8 50. Qb3 Kb8 51. a4 g5 $2 (51... Qh8 52. Kg1 Qc8) 52. b5 axb5 53. axb5 {[%emt 0:00:08] Threatens to win with b6.} g4 54. Qd3 Qf7 (54... gxh3 $18 55. gxh3 Qh5) 55. Qd8+ {[%emt 0:00:28] White mates.} Ka7 56. Qb6+ Ka8 57. c6 bxc6 58. bxc6 gxh3 59. Qd8+ $2 {[%emt 0:00:36] Weighted Error Value: White=0.49/Black=0.55} (59. c7 {mates} Qxc7 60. Qxc7 hxg2+ 61. Kg1 f4 62. Qc6+ Ka7 63. exf4 Kb8 64. f5) 1-0

[Event "GER-ch Youth-U18 2022"]
[Site "Willingen"]
[Date "2022.06.11"]
[Round "9.7"]
[White "Weihrauch, Jakob"]
[Black "Hinrichs, Paul"]
[Result "1/2-1/2"]
[ECO "C92"]
[WhiteElo "2139"]
[BlackElo "2244"]
[Annotator "TA"]
[PlyCount "155"]
[EventDate "2022.06.05"]
[EventType "swiss"]
[EventRounds "9"]
[EventCountry "GER"]
[SourceTitle "playchess.com"]
[Source "ChessBase"]
[SourceQuality "1"]
[TimeControl "40/4500+30:900+30"]

1. e4 e5 2. Nf3 Nc6 3. Bb5 a6 4. Ba4 Nf6 5. O-O Be7 6. Re1 b5 7. Bb3 d6 8. c3 O-O 9. h3 Bb7 10. d4 Re8 11. Nbd2 Bf8 12. a4 h6 13. Bc2 exd4 14. cxd4 Nb4 15. Bb1 c5 16. d5 Nd7 17. Ra3 c4 18. Nd4 Qf6 19. N2f3 {[%emt 0:03:45] C92: Closed Ruy Lopez: 9...Be6, Karpov and Flohr-Zaitsev Variations.} Nc5 20. b3 Nbd3 21. Bxd3 Nxd3 22. Re3 b4 23. Ra1 {[%emt 0:09:06] [#]} Nc5 $146 ({Predecessor:} 23... Ne5 24. Nxe5 dxe5 25. Nf5 c3 26. Rf3 Qd8 27. Nxh6+ gxh6 28. Rg3+ Kh7 29. Qg4 {1-0 (31) So,W (2772)-Le,Q (2709) chess24.com INT 2021}) 24. bxc4 Rxe4 25. Rxe4 Nxe4 26. Qe1 Nc3 27. Bb2 Rc8 $1 28. Bxc3 bxc3 29. Qb1 $36 {[%emt 0:05:51][%mdl 2048] White fights for an advantage.} (29. Qxc3 Bxd5 30. Nd2 Bxc4 $1 $17) 29... Ba8 30. Qd3 g6 (30... Qd8 $11) 31. Rc1 (31. Qxc3 Bxd5 32. Nd2 Bg7 $17) 31... Qd8 32. Ne2 {[%emt 0:06:36] White is more active.} ({Weaker is} 32. Qxc3 Bxd5 33. Qd3 Bg7 $17) (32. Rxc3 $16 Qd7 33. Ra3) 32... Qc7 (32... Qa5 $14) 33. Rxc3 $16 Bg7 34. Rc1 Qa5 (34... Bb7 $142) 35. Qb3 Bf6 36. Rb1 Kg7 37. Kf1 (37. g4 $18) 37... Re8 (37... h5 $16) 38. Qc2 (38. Ng3 $18 {has better winning chances.}) 38... Qc7 39. Qb3 (39. Qa2 $16) 39... Re7 (39... Qa5 $1 $11) 40. Qb4 ({Better is} 40. Qd3 $16) 40... Qc8 $1 $11 {[%emt 0:06:29] And now ...Rb7 would win.} 41. Rc1 Rc7 $1 42. Nf4 Rc5 43. Nd3 a5 44. Qb3 Rc7 45. Qb5 Bb7 {[%emt 0:00:00] White must now prevent ...Ba6.} 46. Kg1 ({But not} 46. Qxa5 Rxc4 47. Rxc4 Qxc4 $17) 46... Ba6 47. Qxa5 {[%emt 0:00:04] Threatens to win with Nd2.} Rxc4 48. Rxc4 Qxc4 49. Nfe1 (49. Nde1 $1 $11) 49... Bb7 ({Black should play} 49... Bc3 $17 50. Qb6 Qxa4) 50. Qb5 Bxd5 {[%emt 0:00:13] Black wants to play ...Qxb5. This bishop pair is nice.} 51. Qxc4 (51. Nb4 $1 $11 {keeps the balance.} Qxb5 52. axb5) 51... Bxc4 {[%emt 0:00:05][%mdl 4096] Endgame KBB-KNN} 52. Nb4 Bc3 53. Ned3 Kf8 54. a5 (54. g4 $15) 54... Bxd3 $17 55. Nxd3 {[%emt 0:00:04] Strongly threatening a6.} Bxa5 {[%emt 0:00:03] KB-KN} 56. Kf1 Ke7 57. Ke2 Ke6 58. Nf4+ Ke5 59. Nd3+ Kd4 60. Nf4 Bb4 61. Nd3 Bc5 62. Nf4 d5 63. Nd3 Bd6 64. Kd2 h5 65. Kc2 g5 66. Kd2 Bc7 67. Ke2 f5 68. Kd2 h4 69. f3 Bd6 70. Ke2 Bf4 71. Nf2 Ke5 72. Nd3+ Kf6 73. Nf2 Bd6 74. Nd3 Kg6 75. Kf2 Kh5 (75... Kf7 $17 76. Ke3 f4+ 77. Kd4 Ke6) 76. Ke2 {[%emt 0:00:10] [#]} (76. Ke3 $11 {was the only way to keep the balance.}) 76... g4 (76... f4 $1 $17 77. Kd2 Kg6) 77. Ke3 $11 gxh3 78. Kd4 $2 {[%mdl 40960] Quite a comeback for Black.  Weighted Error Value: White=0.21 (precise) /Black=0.21 (precise) . An unexpected result.} (78. gxh3 $11 Kg6 79. Kd4) 1/2-1/2

[Event "GER-ch Youth-U18 2022"]
[Site "Willingen"]
[Date "2022.06.11"]
[Round "9.8"]
[White "Geltz, Noah"]
[Black "Bornholdt, Joa Max"]
[Result "1/2-1/2"]
[ECO "B10"]
[WhiteElo "2156"]
[BlackElo "2155"]
[Annotator "TA"]
[PlyCount "49"]
[EventDate "2022.06.05"]
[EventType "swiss"]
[EventRounds "9"]
[EventCountry "GER"]
[SourceTitle "playchess.com"]
[Source "ChessBase"]
[SourceQuality "1"]
[TimeControl "40/4500+30:900+30"]

1. e4 c6 2. Nf3 d5 3. Nc3 dxe4 4. Nxe4 Nf6 5. Qe2 Na6 6. d3 {[%emt 0:00:45] B11: Caro-Kann: Two Knights Variation.} Nxe4 7. dxe4 e5 {[%emt 0:00:16] Against Bf4} 8. g3 {[%emt 0:01:17] White has an edge.} Be7 9. Bg2 O-O 10. O-O Qc7 {[%emt 0:00:29] [#]} 11. b3 $146 ({Predecessor:} 11. Bd2 Nc5 12. Bc3 Bg4 13. h3 Bxf3 14. Qxf3 Ne6 15. Qg4 Bc5 16. Kh1 Bd4 17. Bxd4 Nxd4 {0-1 (41) Gajcin,M (2295)-Rapport,J (2282) Belgrade 2018}) 11... Rd8 12. Bb2 Bg4 13. h3 Bxf3 14. Bxf3 Qa5 15. Rfd1 Ba3 16. c3 Bxb2 17. Qxb2 g6 18. b4 Qc7 19. Be2 Rxd1+ 20. Rxd1 Rd8 {[%emt 0:00:09] Inhibits Qd2.} 21. Rb1 Qd7 {[%emt 0:04:28] The position is equal.} 22. Qa3 {[%emt 0:01:28] Hoping for Rd1.} Qxh3 23. Bxa6 bxa6 24. Qxa6 Qd7 25. Qc4 {[%emt 0:02:26] Weighted Error Value: White=0.06 (flawless) /Black=0.05 (flawless)} 1/2-1/2